 Dungeon Crawl Stone Soup version 0.21.1-1-g345015f (webtiles) character file.

77 GenChuck the Grave Robber (level 4, -2/30 HPs)
             Began as a Demonspawn Necromancer on Mar 29, 2018.
             Slain by an adder (4 damage)
             ... on level 3 of the Dungeon.
             The game lasted 00:26:34 (2043 turns).

GenChuck the Grave Robber (Demonspawn Necromancer)  Turns: 2043, Time: 00:26:35

Health: -2/30      AC:  5    Str:  9    XL:     4   Next: 13%
Magic:  13/16      EV: 10    Int: 17    God:
Gold:   46         SH:  0    Dex: 13    Spells: 5/7 levels left

rFire    . . .     SeeInvis .   f - +3 trident (pierce)
rCold    . . .     Gourm    .   (no shield)
rNeg     . . .     Faith    .   h - +0 ring mail
rPois    .         Spirit   .   (no helmet)
rElec    .         Reflect  .   (no cloak)
rCorr    .         Harm     .   (no gloves)
MR       .....                  (no boots)
Stlth    +.........             (no amulet)
HPRegen  0.10/turn              g - ring of magical power
MPRegen  0.15/turn              (no ring)

@: lethally poisoned (-2 -> -7)
A: powered by pain 1
a: no special abilities


You were on level 3 of the Dungeon.
You were not hungry.

You visited 1 branch of the dungeon, and saw 3 of its levels.

You collected 46 gold pieces.

Inventory:

Hand Weapons
 f - a +3 trident of piercing (weapon)
 p - a +1 dagger of venom
 s - a +0 blowgun
 t - a +0 club
Missiles
 u - a poisoned needle
Armour
 a - a +0 robe
 h - a +0 ring mail (worn)
 n - a +0 chain mail
Jewellery
 g - a ring of magical power (left hand)
Scrolls
 j - a scroll of remove curse
 l - 2 scrolls of teleportation
 r - a scroll of fog
Potions
 d - a potion of mutation {unknown}
 e - a potion of flight
 i - a potion of might
 m - a potion of lignification {unknown}
 o - a potion of agility {unknown}
 q - 4 potions of brilliance {unknown}
Books
 b - a book of Necromancy

   Spells                             Type                      Level
   a - Pain                           Necromancy                   1
   b - Animate Skeleton               Necromancy                   1
   c - Vampiric Draining              Necromancy                   3
   d - Regeneration                   Charms/Necromancy            3
   e - Animate Dead                   Necromancy                   4
   f - Borgnjor's Vile Clutch         Necromancy/Earth             5
Comestibles
 c - 3 rations


   Skills:
 * Level 0.4 Polearms
 + Level 0.1 Armour
 * Level 2.0 Dodging
 + Level 2.0 Stealth
 + Level 2.4 Spellcasting
 * Level 5.6 Necromancy


You had 5 spell levels left.
You knew the following spells:

 Your Spells              Type           Power        Failure   Level  Hunger
a - Pain                  Necr           ###.         4%          1    #......
b - Animate Skeleton      Necr           N/A          4%          1    #......


Dungeon Overview and Level Annotations

Branches:
Dungeon (3/15)

Altars:

Annotations:
D:3 1 transporter, Hasart's ghost, amateur MiFi; Sigmund


Innate Abilities, Weirdness & Mutations

You sometimes gain a little power by taking damage.


Message History

The adder bites you.
* * * LOW HITPOINT WARNING * * *
Casting: Pain
Confirm with . or Enter, or press ? or * to list all spells.
Aiming: Pain
Press: ? - help, Shift-Dir - straight line, f/p - adder
Aim: an adder (heavily wounded, chance to defeat MR: 86%)
The adder barely resists.
The adder barely misses you. The adder bites you.
* * * LOW HITPOINT WARNING * * *
You are lethally poisoned!
The adder poisons you!
Casting: Pain
Confirm with . or Enter, or press ? or * to list all spells.
Aiming: Pain
Press: ? - help, Shift-Dir - straight line, f/p - adder
Aim: an adder (heavily wounded, chance to defeat MR: 86%)
The adder barely resists.
* * * LOW HITPOINT WARNING * * *
You feel sick. The adder bites you.
You die...

#.#.#.# #........
. #.....#
#.....### ###.###
####### #g#
######### #.#
###.((....# #.#
###.#.#####.# #.#
#..(.(.#........#
#.#
##..S(..#.##.#####
#.###.)@.....# #.#
#........(....)>.#
######....#.######
#.#.##.# #......#
########


You could see an adder.

Vanquished Creatures
  Jessica (D:1)
  An ooze (D:1)
  A dart slug (D:3)
  A leopard gecko (D:3)
  4 giant cockroaches
  7 goblins
  5 hobgoblins
  2 jackals (D:3)
  5 bats
  A frilled lizard (D:1)
  5 kobolds
  7 rats
40 creatures vanquished.

Vanquished Creatures (collateral kills)
  A dart slug (D:2)
1 creature vanquished.

Grand Total: 41 creatures vanquished

Notes
Turn   | Place    | Note
-------+----------+-------------------------------------------
     0 | D:1      | GenChuck the Demonspawn Necromancer began the quest for the Orb.
     0 | D:1      | Reached XP level 1. HP: 13/13 MP: 3/3
     2 | D:1      | Learned a level 1 spell: Animate Skeleton
   241 | D:1      | Gained mutation: You sometimes gain a little power by taking damage. [demonic ancestry]
   241 | D:1      | Reached XP level 2. HP: 16/19 MP: 0/5
   263 | D:2      | Noticed Jessica
   278 | D:1      | Killed Jessica
   278 | D:1      | Reached skill level 5 in Necromancy
   278 | D:1      | Reached XP level 3. HP: 23/24 MP: 4/6
  1620 | D:3      | Noticed Sigmund
  1744 | D:3      | Noticed Hasart's ghost (amateur MiFi)
  1839 | D:3      | Found a transporter.
  1847 | D:3      | Reached XP level 4. HP: 30/30 MP: 7/7
  2043 | D:3      | Slain by an adder

Skill      XL: |  1  2  3 |
---------------+----------+-----
Necromancy     | 5 |  5.6
Stealth        | 2 |  2.0
Dodging        | 2 |  2.0
Polearms       | |  0.4
Armour         | |  0.1
Spellcasting   | |  2.4

Action                   |  1- 3 |  4- 6 || total
-------------------------+-------+-------++-------
Melee: Unarmed           |     9 |       ||     9
       Trident           |    20 |     5 ||    25
 Cast: Pain              |    38 |    11 ||    49
       Animate Skeleton  |     1 |       ||     1
  Use: Scroll            |     9 |       ||     9
       Potion            |       |     1 ||     1
  Eat: Ration            |     1 |       ||     1
       Chunk             |       |     1 ||     1
Armor: Robe              |     1 |       ||     1
       Ring mail         |     8 |     9 ||    17
       Chain mail        |     3 |       ||     3
Dodge: Dodged            |    24 |    22 ||    46
